 Dungeon Crawl Stone Soup version 0.22-a0-406-g9ff8d77 (webtiles) character file.

51922 Borgoz the Fighter (level 14, -1/94 HPs)
             Began as a Gargoyle Gladiator on May 8, 2018.
             Was an Elder of Ashenzari.
             Slain by a thrashing horror (4 damage)
             ... on level 2 of the Abyss.
             The game lasted 00:58:30 (29135 turns).

Borgoz the Fighter (Gargoyle Gladiator)            Turns: 29135, Time: 00:58:31

Health: -1/94      AC: 32    Str: 19    XL:     14   Next: 61%
Magic:  14/14      EV: 13    Int:  9    God:    Ashenzari [****..]
Gold:   1267       SH:  0    Dex: 20    Spells: 13/13 levels left

rFire    + . .     SeeInvis +   D - +2 whip (freeze) (curse)
rCold    . . .     Gourm    .   (no shield)
rNeg     + . .     Faith    .   s - +1 plate armour "Efreg" {Dex+5} (curse)
rPois    ∞         Spirit   .   c - +0 helmet
rElec    +         Reflect  .   (no cloak)
rCorr    .         Harm     .   (no gloves)
MR       +....     Clarity  +   (no boots)
Stlth    ..........             w - amulet of the acrobat
HPRegen  0.25/turn              b - ring of protection from fire (curse)
MPRegen  0.14/turn              g - +3 ring of protection

@: no status effects
A: big wings, negative energy resistance 1, electricity resistance, unbreathing,
petrification resistance, rot immunity, AC +10
a: Fly, Curse Item, Scrying, Renounce Religion


You were on level 2 of the Abyss.
You worshipped Ashenzari.
Ashenzari was greatly pleased with you.
You were hungry.

You visited 4 branches of the dungeon, and saw 22 of its levels.
You visited the Abyss 1 time.
You also visited: Sewer.

You collected 2079 gold pieces.
You spent 812 gold pieces at shops.

Inventory:

Hand Weapons
 D - a cursed +2 whip of freezing (weapon)
Missiles
 d - 4 throwing nets (quivered)
Armour
 c - a +0 helmet (worn)
 s - the cursed +1 plate armour "Efreg" (worn) {Dex+5}
   (You bought it in a shop on level 12 of the Dungeon)

   It affects your dexterity (+5).
   It has a curse placed upon it.
 B - a +0 plate armour of magic resistance
Jewellery
 b - a cursed ring of protection from fire (left hand)
 g - a +3 ring of protection (right hand)
 p - an uncursed ring of ice
 w - an amulet of the acrobat (around neck)
 A - an uncursed ring of positive energy
 J - an uncursed ring of positive energy
Wands
 a - a wand of random effects (32)
 l - a wand of enslavement (8)
 v - a wand of scattershot (7)
 x - a wand of iceblast (13)
 G - a wand of flame (58)
 I - a wand of acid (6)
 L - a wand of polymorph (20)
Scrolls
 e - 2 scrolls of teleportation
 i - 9 scrolls of fear
 j - 5 scrolls of fog
 n - 3 scrolls of remove curse
 t - 2 scrolls of vulnerability {unknown}
 y - a scroll of enchant weapon {unknown}
 z - 4 scrolls of enchant armour
 E - 4 scrolls of blinking
 F - 4 scrolls of magic mapping
 H - a scroll of acquirement {unknown}
 N - a scroll of holy word
Potions
 h - 6 potions of lignification
 k - 2 potions of haste
 o - 15 potions of curing
 r - 2 potions of cancellation
 u - 3 potions of flight
 C - a potion of resistance
 K - a potion of mutation
Comestibles
 f - 34 rations


   Skills:
 + Level 13.6 Fighting
 + Level 12.8(15.9) Maces & Flails
 - Level 1.7 Throwing
 + Level 13.4 Armour
 + Level 11.0 Dodging


You had 13 spell levels left.
You didn't know any spells.

Dungeon Overview and Level Annotations

Branches:
Dungeon (14/15)            Temple (1/1) D:4            Lair (5/6) D:8
  Swamp (0/4) Lair:4       Spider (0/4) Lair:2        Slime (0/5) Lair:5
    Orc (2/2) D:10            Elf (0/3) Orc:2        Vaults (0/5) D:13

Altars:
Ashenzari
Cheibriados
Dithmenos
Elyvilon
Fedhas
Gozag
Hepliaklqana
Kikubaaqudgha
Makhleb
Nemelex Xobeh
Okawaru
Qazlal
Ru
Sif Muna
Trog
Uskayaw
Vehumet
Wu Jian
Xom
Yredelemnul
Zin
The Shining One
Beogh

Shops:
D:8 (%[   D:12 [

Annotations:
D:14 Sonja
Lair:2 exclusion: 2 oklob plants
Lair:5 exclusion: oklob plant
Orc:2 Saint Roka


Innate Abilities, Weirdness & Mutations

You are resistant to torment.
Your stone body is resilient. (AC +10)
You are immune to poison.
Your large and strong wings let you fly indefinitely.
You resist negative energy. (rN+)
You are resistant to electric shocks. (rElec)
You can survive without breathing.
You are immune to petrification.
You are immune to rotting.


Message History

The thrashing horror tramples you but does no damage.
You hit the thrashing horror.
The thrashing horror is almost destroyed.
The thrashing horror tramples you!
* * * LOW HITPOINT WARNING * * *
You hold your ground!
The thrashing horror tramples you but does no damage.
The thrashing horror roars!
The thrashing horror tramples you but does no damage. x2
The thrashing horror tramples you.
* * * LOW HITPOINT WARNING * * *
You hold your ground!
The thrashing horror tramples you but does no damage.
You hit the thrashing horror but do no damage.
The thrashing horror is almost destroyed.
The thrashing horror tramples you but does no damage. x2
You hit the thrashing horror but do no damage.
The thrashing horror is almost destroyed.
The thrashing horror tramples you.
You die...

,,,*,# #*# *
*,, *** ,
*,#,.#.##. ,*
,, ,, ,* ,,
..... # * , *
*
*,#.#...#..**,
* , ,* # #...
# # * * ,* , *
, * #.#.#. ,
*** * , ,*, ,
*#...### *, *,
* * , #
..,#X.#.# * ,
, , *, *., #
.#@.###** *,
...#.#..# ,##
* , , .
,.####..##..#*
,, * , .. #.
,#.# ..# * *,
, ..
#.,.,.*#....#*
*, , , , .*, *
# #.**#####* *
* , **#.### ,
* , ##, , * *
, , *, , , , *
*


You could see a thrashing horror.

Vanquished Creatures
  Azrael (D:14)
  An ettin (Orc:1)
  4 hydras
  Erolcha (D:11)
  Fannar (D:11)
  4 two-headed ogres
  2 dancing weapons (D:13)
  3 tengu warriors
  A centaur warrior (D:14)
  A thrashing horror (Abyss:2)
  The ghost of Borgoz the Basher, a novice GrFi of Ashenzari (D:8)
  An unseen horror (D:11)
  Pikel (D:7)
  3 orc sorcerers (Orc:1)
  2 orc knights (Orc:2)
  A deep elf mage (D:12)
  2 ugly things
  A manticore (D:12)
  3 cyclopes
  3 black mambas
  5 elephants
  A gargoyle (D:11)
  2 rime drakes
  3 spiny frogs
  8 komodo dragons
  2 centaur skeletons
  A queen bee (Lair:3)
  2 jumping spiders (Lair:2)
  6 trolls
  5 dream sheep (Lair:3)
  Grinder (D:5)
  9 hippogriffs
  3 slime creatures (D:13)
  A redback (Lair:2)
  A basilisk (Lair:4)
  2 wyverns
  16 yaks
  A fire elemental (D:14)
  3 hungry ghosts
  Grum (D:10)
  5 swamp worms (Lair:4)
  Menkaure (D:6)
  3 vampire mosquitoes (D:13)
  A warg (Orc:1)
  10 water moccasins
  3 hell hounds (D:14)
  4 ice beasts
  32 orc warriors
  10 porcupines
  2 black bears
  2 sky beasts (D:10)
  2 necrophages
  A phantom (D:11)
  10 ogres
  13 wolves
  8 centaurs
  12 crocodiles
  11 big kobolds
  14 bullfrogs
  A water moccasin zombie (D:12)
  A scorpion (D:6)
  29 killer bees
  4 electric eels
  9 howler monkeys
  6 crimson imps
  A quasit (D:9)
  3 centaur zombies
  3 hounds
  A bullfrog skeleton (D:9)
  3 jellies
  Crazy Yiuf (D:5)
  13 orc priests
  A gnoll shaman (D:7)
  2 iguanas
  22 orc wizards
  13 worker ants
  A killer bee zombie (D:9)
  A worker ant zombie (D:11)
  A howler monkey skeleton (D:5)
  12 adders
  6 gnolls
  A river rat (D:4)
  4 shadow imps
  3 oozes
  An adder zombie (D:8)
  An adder skeleton (D:5)
  5 worms
  2 dart slugs
  2 leopard geckos
  80 orcs
  5 ball pythons (Sewer)
  3 bats (D:2)
  5 giant cockroaches
  5 goblins
  7 hobgoblins
  39 kobolds
  6 quokkas
  6 frilled lizards
  A leopard gecko zombie (D:6)
  A quokka zombie (D:5)
  10 rats
575 creatures vanquished.

Vanquished Creatures (others)
  A sky beast (D:8)
  A slave (D:7)
  A centaur (D:7)
  2 adders (D:7)
  A worm (D:7)
  A quokka (D:7)
  8 fungi
  A plant (Lair:2)
16 creatures vanquished.

Grand Total: 591 creatures vanquished

Notes
Turn   | Place    | Note
-------+----------+-------------------------------------------
     0 | D:1      | Borgoz the Gargoyle Gladiator began the quest for the Orb.
     0 | D:1      | Reached XP level 1. HP: 12/12 MP: 1/1
   403 | D:1      | Reached XP level 2. HP: 18/18 MP: 2/2
   679 | D:1      | Reached skill level 1 in Armour
   754 | D:2      | Found a sacrificial altar of Ru.
   761 | D:2      | Reached XP level 3. HP: 22/22 MP: 3/3
   882 | D:2      | Reached XP level 4. HP: 26/28 MP: 4/4
  1856 | D:3      | Found a basalt altar of Yredelemnul.
  1857 | D:3      | Found a hide-covered altar of Uskayaw.
  1988 | D:3      | Found an ornate altar of the Wu Jian Council.
  2070 | D:3      | Reached XP level 5. HP: 31/32 MP: 5/5
  2667 | D:4      | Found a staircase to the Ecumenical Temple.
  2679 | Temple   | Entered the Ecumenical Temple
  2890 | D:4      | Found a glowing drain.
  2898 | Sewer    | Entered a sewer
  3058 | Sewer    | Noticed a big kobold
  3085 | Sewer    | Killed a big kobold
  3085 | Sewer    | Reached XP level 6. HP: 12/38 MP: 6/6
  3486 | Sewer    | Reached XP level 7. HP: 36/44 MP: 7/7
  3840 | D:4      | Reached skill level 5 in Maces & Flails
  4006 | D:4      | Reached skill level 5 in Fighting
  4199 | D:4      | Found a glowing silver altar of Zin.
  4498 | D:5      | Entered Level 5 of the Dungeon
  4692 | D:5      | Reached XP level 8. HP: 34/49 MP: 8/8
  4963 | D:5      | Noticed Grinder
  4968 | D:5      | Paralysed by Grinder for 3 turns
  4972 | D:5      | Paralysed by Grinder for 4 turns
  4978 | D:5      | Paralysed by Grinder for 3 turns
  5045 | D:6      | Noticed Menkaure
  5058 | D:6      | Killed Menkaure
  5058 | D:6      | Reached skill level 5 in Armour
  5177 | D:6      | Found a white marble altar of Elyvilon.
  5446 | D:5      | Paralysed by Grinder for 4 turns
  5459 | D:5      | Paralysed by Grinder for 4 turns
  5472 | D:5      | Killed Grinder
  5472 | D:5      | Reached skill level 5 in Dodging
  5681 | D:5      | Found a runed door.
  5935 | D:5      | Noticed Crazy Yiuf
  5940 | D:5      | Killed Crazy Yiuf
  6376 | D:7      | HP: 1/52 [ogre/giant club (18)]
  6380 | D:7      | Reached XP level 9. HP: 39/56 MP: 9/9
  6469 | D:7      | Found a sacrificial altar of Ru.
  6511 | D:7      | Found an opulent altar of Gozag.
  6511 | D:7      | Found a sparkling altar of Nemelex Xobeh.
  6637 | D:7      | Noticed Pikel
  6653 | D:7      | Killed Pikel
  7021 | D:7      | Found a snail-covered altar of Cheibriados.
  7492 | D:8      | Found a staircase to the Lair.
  7529 | D:8      | Noticed a two-headed ogre
  7919 | D:8      | Found Wyiwn's Armour Emporium.
  7922 | D:8      | Noticed Borgoz's ghost (novice GrFi)
  7937 | D:8      | Killed Borgoz's ghost
  7937 | D:8      | Reached XP level 10. HP: 64/64 MP: 10/10
  7955 | D:8      | Found Fuwuli's Food Shop.
  8198 | D:8      | Found Hangetz's Weapon Boutique.
  8977 | D:9      | Found a shattered altar of Ashenzari.
  8986 | D:9      | Became a worshipper of Ashenzari the Shackled
  9460 | D:10     | Entered Level 10 of the Dungeon
  9460 | D:10     | Noticed Grum
  9647 | D:10     | Killed Grum
  9928 | D:10     | Reached XP level 11. HP: 69/71 MP: 11/11
 10052 | D:10     | Found a staircase to the Orcish Mines.
 10337 | D:10     | Reached * piety under Ashenzari
 10534 | D:11     | Noticed a cyclops
 10553 | D:11     | Killed a cyclops
 10599 | D:11     | Noticed Erolcha
 10612 | D:11     | Killed Erolcha
 10869 | D:11     | Killed an unseen horror
 11526 | D:11     | Noticed a two-headed ogre
 11544 | D:11     | Reached skill level 10 in Fighting
 11554 | D:11     | Killed a two-headed ogre
 11566 | D:11     | HP: 3/72 [gargoyle/mace (16)]
 11932 | D:11     | Noticed a cyclops
 11951 | D:11     | Killed a cyclops
 12133 | D:11     | Reached skill level 10 in Armour
 12424 | D:11     | Noticed Fannar
 12526 | Lair:1   | Entered Level 1 of the Lair of Beasts
 13171 | Lair:1   | Reached ** piety under Ashenzari
 13450 | Lair:1   | Reached skill level 10 in Maces & Flails
 13472 | Lair:1   | Reached XP level 12. HP: 29/78 MP: 12/12
 13891 | Lair:2   | Noticed a four-headed hydra
 13914 | Lair:2   | Killed a four-headed hydra
 14830 | Lair:2   | Found a hole to the Spider Nest.
 16071 | Lair:3   | Noticed a four-headed hydra
 16088 | Lair:3   | Killed a four-headed hydra
 17310 | Lair:3   | Reached *** piety under Ashenzari
 17523 | Lair:4   | Reached XP level 13. HP: 82/85 MP: 13/13
 19188 | Lair:4   | Found a staircase to the Swamp.
 20534 | Orc:1    | Entered Level 1 of the Orcish Mines
 20537 | Orc:1    | Reached **** piety under Ashenzari
 20739 | Orc:1    | Noticed an ettin
 20747 | Orc:1    | Killed an ettin
 20747 | Orc:1    | Reached skill level 10 in Dodging
 20951 | Orc:1    | Paralysed by an orc sorcerer for 7 turns
 21112 | Orc:2    | Entered Level 2 of the Orcish Mines
 22212 | Orc:2    | Found a staircase to the Elven Halls.
 23164 | Orc:2    | Noticed Saint Roka
 24000 | D:11     | Killed Fannar
 24265 | D:12     | Found a roughly hewn altar of Beogh.
 25086 | D:12     | Found Yquts's Antique Armour Emporium.
 25094 | D:12     | Bought a slimy plate armour for 812 gold pieces
 25104 | D:12     | Identified the +1 plate armour "Efreg" {Dex+5} (You bought it in a shop on level 12 of the Dungeon)
 25300 | D:12     | Gained mutation: Your large and strong wings let you fly indefinitely. [Gargoyle growth]
 25300 | D:12     | Reached XP level 14. HP: 87/92 MP: 14/14
 26499 | D:13     | Found a gate to the Vaults.
 27499 | D:14     | Noticed Sonja
 27505 | D:14     | Noticed Azrael
 27553 | D:14     | Killed Azrael
 28104 | D:14     | Found a roughly hewn altar of Beogh.
 28977 | D:14     | Cast into level 2 of the Abyss (Sonja)
 29133 | Abyss:2  | HP: 3/94 [thrashing horror (3)]
 29135 | Abyss:2  | Slain by a thrashing horror

Vault maps used:
D:1:      lightli_arrival_statuegarden
D:2:      first_ration, nicolae_ru_great_annihilating_truth
D:3:      gammafunk_temple_overflow_pools, nicolae_overflow_crystal_walls
D:4:      cheibrodos_pilgrimage, zin_academy,
          minmay_temple_entry_statues_fountains, lightli_sewer_entry_pipes
D:5:      uniq_crazy_yiuf_cottage, uniq_grinder
D:6:      overflow_temple_1_default, uniq_menkaure
D:7:      grunt_temple_overflow_opulence, kennysheep_little_box,
          cheibrodos_worm_habitat, uniq_pikel
D:8:      lair_entry_dummy, serial_shops, shop, nicolae_shop_behind_doors, shop
D:9:      evilmike_ruin_ashenzari
D:10:     orc_0_dummy, uniq_grum
D:11:     uniq_erolcha, uniq_fannar
D:12:     serial_shops, nicolae_shop_trees
D:13:     erik_vaults_1, grunt_pizzeria
D:14:     special_room, infiniplex_staircase_star, grunt_ministairs_6,
          st_stairs_9, minmay_unpleasant_kobolds, uniq_sonja, uniq_azrael
Temple:   nicolae_temple_hex_pool
Lair:2:   spider_nest_entry_funnel_web, ldierk_geyser, lemuel_fruit_tree,
          lemuel_fruit_fields, minmay_lair_oklob_chamber
Lair:3:   special_room, beast_lair_carwin_7
Lair:4:   nicolae_swamp_entry_splash_gauntlet, lemuel_fruit_fields
Lair:5:   minmay_slime_entry_oklob_enclosed, serial_bayou,
          serial_bayou_crossing, serial_bayou_shore_a, serial_bayou_ford_a,
          serial_bayou_pond_e
Orc:2:    grunt_orc_cross
Sewer:    kennysheep_pipe_town

Skill      XL: |  1  2  3  4  5  6  7  8  9 10 11 12 13 14 |
---------------+-------------------------------------------+-----
Armour         | 1 2 3 4 5 7 8 10 11 12 13 | 13.4
Fighting       | 3 4 5 6 8 9 10 11 12 13 | 13.6
Dodging        | 3 4 5 6 7 8 9 10 11 | 11.0
Maces & Flails | 4 5 6 7 8 10 11 12 | 12.8
Throwing       | |  1.7

Action                   |  1- 3 |  4- 6 |  7- 9 | 10-12 | 13-15 || total
-------------------------+-------+-------+-------+-------+-------++-------
Melee: Flail             |    77 |   256 |   293 |       |       ||   626
       Whip              |       |       |   177 |  1604 |  2199 ||  3980
       Unarmed           |       |       |       |       |     8 ||     8
Throw: Throwing net      |       |       |     1 |       |       ||     1
Invok: Curse Item        |       |       |       |     3 |     1 ||     4
Evoke: Wand              |       |       |     4 |       |     5 ||     9
  Use: Scroll            |       |     9 |     5 |     6 |    12 ||    32
       Potion            |       |     1 |     7 |     5 |     5 ||    18
 Stab: Invisible         |     1 |     1 |     2 |       |       ||     4
       Sleeping          |       |       |     1 |       |       ||     1
       Held in net/web   |       |       |     1 |       |       ||     1
       Confused          |       |       |       |       |     1 ||     1
  Eat: Chunk             |       |     9 |    12 |    26 |    32 ||    79
       Ration            |       |       |     2 |     2 |     3 ||     7
Armor: Leather armour    |    38 |     6 |       |       |       ||    44
       Ring mail         |       |   119 |   186 |   514 |   158 ||   977
       Plate armour      |       |       |       |       |   648 ||   648
       Skin              |       |       |       |       |    47 ||    47
Dodge: Dodged            |    66 |   172 |   282 |  1107 |  1076 ||  2703

Table legend:
 A = Spawn XP
 B = Non-spawn XP
 C = Spawn XP percentage of total XP
 D = Spawn monster count
 E = Non-spawn monster count
 F = Spawn count percentage of total count
 G = Total turns spent on level
                    A         B        C        D         E        F      G
               +---------+---------+-------+---------+---------+-------+---------
         Total |     842 |   73333 |   1.1 |       1 |     575 |   0.2 | 29135
               +---------+---------+-------+---------+---------+-------+---------
           D:1 |       0 |      23 |   0.0 |       0 |      11 |   0.0 |   710
           D:2 |       0 |     112 |   0.0 |       0 |      26 |   0.0 |   920
           D:3 |       0 |      91 |   0.0 |       0 |      18 |   0.0 |   979
           D:4 |       0 |     311 |   0.0 |       0 |      22 |   0.0 |  1104
           D:5 |       0 |     515 |   0.0 |       0 |      13 |   0.0 |  1237
           D:6 |       0 |     581 |   0.0 |       0 |       8 |   0.0 |   605
           D:7 |       0 |    1560 |   0.0 |       0 |      14 |   0.0 |  1230
           D:8 |       0 |    2498 |   0.0 |       0 |      33 |   0.0 |  1073
           D:9 |       0 |    1683 |   0.0 |       0 |      20 |   0.0 |  1039
          D:10 |       0 |    2329 |   0.0 |       0 |      36 |   0.0 |   932
          D:11 |       0 |    7744 |   0.0 |       0 |      39 |   0.0 |  2934
          D:12 |       0 |    4908 |   0.0 |       0 |      35 |   0.0 |  1200
          D:13 |       0 |    8296 |   0.0 |       0 |      27 |   0.0 |  1186
          D:14 |       0 |    8698 |   0.0 |       0 |      49 |   0.0 |  1748
        Temple |       0 |      28 |   0.0 |       0 |       2 |   0.0 |    70
        Lair:1 |       0 |    2672 |   0.0 |       0 |      13 |   0.0 |  1393
        Lair:2 |       0 |    4058 |   0.0 |       0 |      16 |   0.0 |  1153
        Lair:3 |       0 |    9269 |   0.0 |       0 |      57 |   0.0 |  2810
        Lair:4 |       0 |    7391 |   0.0 |       0 |      35 |   0.0 |  1993
        Lair:5 |       0 |    1934 |   0.0 |       0 |       8 |   0.0 |   604
         Orc:1 |       0 |    3778 |   0.0 |       0 |      25 |   0.0 |  1700
         Orc:2 |       0 |    4322 |   0.0 |       0 |      44 |   0.0 |  1642
       Abyss:2 |     842 |       0 | 100.0 |       1 |       0 | 100.0 |   158
         Sewer |       0 |     532 |   0.0 |       0 |      24 |   0.0 |   715
               +---------+---------+-------+---------+---------+-------+---------
